 Dungeon Crawl Stone Soup version 0.25.0-15-gac7dcb8919 (webtiles) character file.

Game seed: 16796932362492594616

69 protoss039 the Grave Robber (level 4, -3/30 HPs)
             Began as a Demonspawn Necromancer on June 30, 2020.
             Slain by Crazy Yiuf
             ... wielding a +4 quarterstaff of chaos
              (8 damage)
             ... on level 3 of the Dungeon.
             The game lasted 00:05:01 (3497 turns).

protoss039 the Grave Robber (DsNe)                  Turns: 3497, Time: 00:05:02

Health: -3/30      AC:  6    Str:  9    XL:     4   Next: 2%
Magic:  5/7        EV: 12    Int: 16    God:
Gold:   99         SH:  0    Dex: 14    Spells: 2/7 levels left

rFire    . . .     SeeInvis .     - Unarmed
rCold    . . .     Gourm    .   (no shield)
rNeg     . . .     Faith    .   a - +0 robe
rPois    .         Spirit   .   (no helmet)
rElec    .         Reflect  .   (no cloak)
rCorr    .         Harm     .   j - +0 pair of gloves
MR       .....                  e - +0 pair of boots
Stlth    ++........             (no amulet)
HPRegen  0.10/turn              (no ring)
MPRegen  0.10/turn              (no ring)

@: no status effects
A: talons 1, yellow scales 1
a: no special abilities


You were on level 3 of the Dungeon.
You were not hungry.

You visited 1 branch of the dungeon, and saw 3 of its levels.

You collected 99 gold pieces.

Inventory:

Armour
 a - a +0 robe (worn)
 e - a +0 pair of boots (worn)
 j - a +0 pair of gloves (worn)
Jewellery
 d - a cursed +4 ring of slaying {unknown}
Scrolls
 i - a scroll of immolation {unknown}
 k - a scroll of fear {unknown}
 p - a scroll of teleportation {unknown}
Potions
 b - a potion of curing
 g - a potion of lignification {unknown}
 h - a potion of resistance {unknown}
 l - a potion of haste {unknown}
 m - a potion of mutation {unknown}
 o - a potion of degeneration {unknown}
Comestibles
 c - 6 rations


   Skills:
 - Level 1.7 Dodging
 - Level 1.7 Stealth
 * Level 3.3 Unarmed Combat
 - Level 2.0 Spellcasting
 - Level 4.3 Necromancy


You had 2 spell levels left.
You knew the following spells:

 Your Spells              Type           Power        Failure   Level  Hunger
a - Pain                  Necr           ###.         3%          1    #......
b - Animate Skeleton      Necr           N/A          3%          1    #......
c - Vampiric Draining     Necr           ###.......   11%         3    ###....

Your spell library contained the following spells:

 Spells                   Type           Power        Failure   Level  Hunger
 Animate Dead             Necr           N/A          34%         4    #####..
 Agony                    Necr           ###.....     67%         5    ######.


Dungeon Overview and Level Annotations

Branches:
Dungeon (3/15)

Altars:
Yredelemnul
The Shining One

Annotations:
D:3 Crazy Yiuf


Innate Abilities, Weirdness & Mutations

You have sharp toenails.
You are partially covered in yellow scales. (AC +2)


Message History

Confirm with . or Enter, or press ? or * to list all spells.
Aiming: Pain (safe; 3% risk of failure)
Press: ? - help, Shift-Dir - straight line, f/p - Crazy Yiuf
Aim: Crazy Yiuf, wielding a +4 quarterstaff of chaos and wearing a +0 cloak (moderately wounded, chance to defeat MR: 80%) Crazy Yiuf writhes in agony!
Crazy Yiuf hits you with a +4 quarterstaff of chaos.
* * * LOW HITPOINT WARNING * * *
Crazy Yiuf freezes you.
* * * LOW HITPOINT WARNING * * *
Unknown command.
You are too injured to fight recklessly!
Unknown command.
You are too injured to fight recklessly!
You hit Crazy Yiuf.
Crazy Yiuf is severely wounded.
Crazy Yiuf closely misses you.
You barely miss Crazy Yiuf. You punch Crazy Yiuf, but do no damage.
Crazy Yiuf is severely wounded.
Crazy Yiuf hits you with a +4 quarterstaff of chaos!
You die...

#.............)..............
#>####.#..........(.#....#.#.
######.#........#.###....#.#.
#####..#############
##...#... #.....)# #...###.
#......# ##### #. #.(>...#
#### ♣♣#### ## #......#
#)..#♣♣ ♣♣..+.## ########
#..g@.♣♣♣♣))....#####
#...#♣..♣.....)...... ####
♣♣♣.♣...+..#....
♣♣♣♣♣#####.... #####


You could see Crazy Yiuf.

Vanquished Creatures
  3 adders (D:2)
  An ooze (D:1)
  2 dart slugs
  A leopard gecko (D:2)
  3 bats
  4 giant cockroaches
  7 hobgoblins
  A ball python (D:3)
  4 frilled lizards
  4 goblins
  2 kobolds
  3 rats
35 creatures vanquished.

Notes
Turn   | Place    | Note
-------+----------+-------------------------------------------
     0 | D:1      | protoss039 the Demonspawn Necromancer began the quest for
                  | the Orb.
     0 | D:1      | Reached XP level 1. HP: 13/13 MP: 3/3
   632 | D:1      | Reached skill level 1 in Unarmed Combat
   709 | D:1      | Gained mutation: You are partially covered in yellow
                  | scales. (AC +2) [demonic ancestry]
   709 | D:1      | Reached XP level 2. HP: 9/19 MP: 1/5
  1814 | D:2      | Reached XP level 3. HP: 24/24 MP: 6/6
  1816 | D:2      | Found a glowing golden altar of the Shining One.
  1818 | D:2      | Noticed an angel
  2038 | D:2      | Learned a level 1 spell: Animate Skeleton
  2042 | D:2      | Learned a level 3 spell: Vampiric Draining
  2232 | D:2      | Found a faded altar of an unknown god.
  2394 | D:2      | Found a basalt altar of Yredelemnul.
  2806 | D:3      | Found a runed translucent door.
  2807 | D:3      | Noticed Crazy Yiuf
  3252 | D:3      | Gained mutation: You have sharp toenails. [demonic
                  | ancestry]
  3252 | D:3      | Reached XP level 4. HP: 28/30 MP: 7/7
  3497 | D:3      | Slain by Crazy Yiuf

Illustrated notes

Levels and vault maps discovered:
D:1:      erik_arrival_orb_chamber, layout_basic, minmay_misc_feat_pillars,
          minmay_misc_feat_rows
D:2:      layout_basic, grunt_temple_overflow_holy_war,
          chequers_ecumenical_altar_island
D:3:      layout_rooms, uniq_crazy_yiuf_cottage

Skill      XL: |  1  2  3 |
---------------+----------+-----
Unarmed Combat | 1 2 3 |  3.3
Dodging        | |  1.7
Stealth        | |  1.7
Spellcasting   | |  2.0
Necromancy     | |  4.3

Action                   |  1- 3 |  4- 6 || total
-------------------------+-------+-------++-------
Melee: Unarmed           |   131 |     5 ||   136
       Punch             |       |     1 ||     1
 Cast: Pain              |    22 |     2 ||    24
  Use: Scroll            |     2 |       ||     2
       Potion            |     1 |       ||     1
 Stab: Sleeping          |     4 |       ||     4
       Distracted        |     1 |       ||     1
  Eat: Chunk             |     5 |       ||     5
       Ration            |     1 |       ||     1
Armor: Robe              |    45 |       ||    45
Dodge: Dodged            |    98 |     5 ||   103
